Map: Ever Dream LE

Players

meeK - Winner!

  • Race: Protoss Protoss
  • League: Diamond
  • Spawn Location: 7:00

Meep

  • Race: Terran Terran
  • League: Master
  • Spawn Location: 1:00

VOD

Have the link to the VOD?

Description

Time

  • Played on: June 27, 2020, 9:51 p.m.
  • Length: 6:01
Show
View Real Time Build Order
Export as new Build Order

meeK Protoss - Winner!

Build Orders: 1 Gate Expand 

Get SALT Encoding   

  12  0:00  Probe  
  13  0:13  Probe  
  14  0:20  Pylon  
  14  0:25  Probe  
  15  0:38  Probe  
  15  0:41  Gateway  
  16  0:47  Pylon  
  16  0:50  Probe  
  17  1:02  Assimilator  
  16  1:05  Probe  
  17  1:17  Probe  
  18  1:25  Nexus  
  18  1:37  Cybernetics Core  
  18  1:39  Probe  
  19  1:45  Assimilator  
  19  1:48  Probe  
  20  1:55  Pylon  
  20  1:58  Probe  
  20  2:04  Adept  
  20  2:05  Warp Gate  
  21  2:10  Probe  
  24  2:26  Twilight Council  
  24  2:33  Adept  
  26  2:38  Probe  
  26  2:39  Probe  
  28  2:47  Robotics Facility  
  28  2:51  Charge  
  28  2:52  Probe  
  29  3:01  Gateway  
  29  3:06  Gateway  
  29  3:10  Probe  
  30  3:19  Gateway  
  30  3:21  Probe  
  31  3:28  Gateway  
  31  3:35  Gateway  
  31  3:40  Gateway  
  31  3:42  Probe  
  31  3:43  Probe  
  33  3:51  Gateway  
  33  3:52  Warp Prism  
  33  3:54  Pylon  
  33  4:08  Pylon, Probe  
  36  4:11  Probe  
  37  4:17  Zealot x2  
  41  4:24  Probe  
  42  4:34  Pylon  
  42  4:41  Pylon  
  42  4:46  Zealot x5  
  42  4:47  Zealot  
  54  5:04  Pylon  
  54  5:08  Zealot x4  
  54  5:09  Zealot  
  54  5:10  Zealot  
  66  5:30  Zealot x4  
  66  5:31  Zealot x2  
  57  5:53  Zealot x3  
  57  5:54  Zealot x3  
  57  5:55  Zealot  
Show
View Real Time Build Order
Export as new Build Order

Meep Terran 

Build Orders:  

Get SALT Encoding   

  12  0:00  SCV  
  13  0:13  SCV  
  14  0:17  Supply Depot  
  14  0:25  SCV  
  15  0:39  SCV  
  15  0:41  Barracks  
  16  0:43  Barracks  
  16  0:53  Supply Depot  
  16  1:09  SCV  
  17  1:22  Refinery  
  17  1:23  SCV  
  18  1:31  Marine  
  19  1:37  Orbital Command  
  19  2:03  SCV  
  20  2:11  Barracks Reactor  
  20  2:14  Command Center  
  20  2:19  SCV  
  21  2:25  Bunker  
  21  2:31  SCV  
  22  2:43  SCV, Factory  
  23  2:47  Marine x2  
  25  2:51  Refinery  
  25  2:55  SCV  
  26  3:06  Marine x2  
  26  3:07  SCV  
  29  3:19  SCV  
  30  3:23  Marine  
  30  3:26  Marine  
  32  3:29  Starport  
  32  3:31  Widow Mine  
  32  3:33  Orbital Command  
  34  3:39  SCV  
  35  3:41  Marine  
  35  3:44  Marine  
  37  3:51  SCV  
  38  3:57  Widow Mine  
  38  3:59  Marine  
  38  4:01  SCV, Supply Depot, Marine  
  43  4:08  Medivac  
  45  4:16  SCV  
  46  4:20  Factory Tech Lab  
  46  4:22  SCV, Marine  
  46  4:23  Supply Depot  
  48  4:33  Marine  
  48  4:36  SCV  
  50  4:46  Factory Tech Lab  
  50  4:49  Raven  
  52  4:55  Barracks, Marine x2, Engineering Bay  
  52  4:56  Barracks  
  52  4:57  SCV  
  55  5:02  SCV  
  55  5:06  Siege Tank  
  59  5:09  SCV  
  59  5:14  SCV  
  61  5:15  Marine  
  62  5:24  SCV, Marine  
  62  5:26  SCV  
  53  5:36  SCV, Marine  
  53  5:38  SCV  
Tags
 
Add a new tag
Caveats
  • Supply blocks, unpowered buildings, or Contaminate may cause inaccurate times.
  • Supply counts are checked every 10 seconds.